 Dungeon Crawl Stone Soup version 0.30-a0-341-g682706514a (webtiles) character file.

Game seed: 13583366415077702605

47255 Engwar the Brawler (level 14, -3/141 HPs)
             Began as a Troll Fighter on Oct 31, 2022.
             Was the Champion of Wu Jian.
             Slain by a 13-headed hydra (14 damage)
             ... on level 5 of the Lair of Beasts.
             The game lasted 00:49:23 (15235 turns).

Engwar the Brawler (Troll Fighter)                 Turns: 15235, Time: 00:49:24

Health: -3/141     AC:  7    Str: 34    XL:     14   Next: 7%
Magic:  13/13      EV: 11    Int:  8    God:    Wu Jian [******]
Gold:   941        SH: 11    Dex:  9    Spells: 13/13 levels left

rFire   + . .      SeeInvis +      - Unarmed
rCold   + + .      Faith    .    U - +1 kite shield {rC+}
rNeg    . . .      Spirit   .    K - +0 troll leather armour
rPois   .          Reflect  .    (helmet restricted)
rElec   .          Harm     .    N - +0 cloak "Puafaile" {+Blink}
rCorr   .          Rampage  .    (gloves unavailable)
Will    +....                    (boots unavailable)
Stlth   +.........               C - amulet of regeneration
HPRegen 2.83/turn                O - ring "Dumofion" {rF+ SInv}
MPRegen 0.13/turn                I - ring "Yderhus" {Wiz rC+ Str+7}

@: exhausted
A: large, unfitting armour, claws 3, regeneration 1, shaggy fur 1, tough skin 1
a: Renounce Religion, Evoke Blink, Wall Jump, Serpent's Lash, Heavenly Storm


You were on level 5 of the Lair of Beasts.
You worshipped Wu Jian.
Wu Jian was exalted by your worship.
You visited 3 branches of the dungeon, and saw 17 of its levels.
You also visited: Sewer, Gauntlet and Ice Cave.

You collected 1645 gold pieces.
You spent 704 gold pieces at shops.

Inventory:

Missiles
 l - 29 poisoned darts (quivered)
 F - 3 curare-tipped darts
 P - 6 javelins
Armour
 b - a +0 tower shield of cold resistance
 G - a +2 cloak
 K - a +0 troll leather armour (worn)
 N - the +0 cloak "Puafaile" (worn) {+Blink}
   (You found it in a Gauntlet)

   +Blink:    It lets you blink.
 U - a +1 kite shield of cold resistance (worn)
Jewellery
 m - a ring of resist corrosion
 y - a +6 ring of intelligence
 B - an amulet of the acrobat
 C - an amulet of regeneration (around neck)
 I - the ring "Yderhus" (right claw) {Wiz rC+ Str+7}
   (You bought it in a shop on level 2 of the Dungeon)

   [ring of wizardry]

   It improves your spell success rate.
   Str:       It affects your strength (+7).
   rC:        It protects you from cold.
 M - a ring of protection from fire
 O - the ring "Dumofion" (left claw) {rF+ SInv}
   (You took it off a minotaur in a Gauntlet)

   [ring of see invisible]

   rF:        It protects you from fire.
   SInv:      It lets you see invisible.
 S - a ring of wizardry
 T - a ring of ice
Wands
 g - a wand of flame (17)
 j - a wand of iceblast (28)
 J - a wand of mindburst (7)
 Q - a wand of polymorph (7)
 R - a wand of digging (5)
Scrolls
 a - 5 scrolls of identify
 f - 3 scrolls of blinking
 k - 3 scrolls of poison
 r - 8 scrolls of teleportation
 v - a scroll of silence
 w - 4 scrolls of summoning
 x - 4 scrolls of fog
 A - 4 scrolls of fear
 H - a scroll of brand weapon
Potions
 c - 5 potions of might
 d - 3 potions of attraction
 e - 5 potions of curing
 h - 3 potions of heal wounds
 i - 2 potions of lignification
 n - 2 potions of invisibility
 o - 2 potions of flight
 p - 5 potions of brilliance
 q - 3 potions of ambrosia
 s - 3 potions of mutation
 t - 2 potions of haste
 u - 2 potions of magic
 z - 3 potions of cancellation
 E - 3 potions of resistance
 L - 2 potions of berserk rage


   Skills:
 + Level 9.9 Fighting
 + Level 8.5 Dodging
 + Level 10.7 Shields
 * Level 15.8 Unarmed Combat
 - Level 4.0 Evocations


You had 13 spell levels left.
You didn't know any spells.
Your spell library contained the following spells:

 Spells                   Type           Power      Damage    Failure   Level
 Foxfire                  Conj/Fire      0%         2x1d4     32%         1
 Sandblast                Erth           0%         2d4       32%         1
 Slow                     Hex            0%         N/A       32%         1
 Passwall                 Tmut/Erth      0%         N/A       45%         2
 Confusing Touch          Hex            0%         N/A       67%         3
 Portal Projectile        Hex/Tloc       0%         N/A       67%         3
 Stone Arrow              Conj/Erth      0%         3d7       67%         3
 Tukima's Dance           Hex            0%         N/A       67%         3
 Vampiric Draining        Necr           0%         2d6       67%         3
 Manifold Assault         Tloc           0%         N/A       96%         4
 Olgreb's Toxic Radiance  Pois           0%         N/A       96%         4
 Passage of Golubria      Tloc           0%         N/A       96%         4
 Summon Lightning Spire   Summ/Air       0%         N/A       96%         4
 Blade Hands              Tmut           0%         N/A       100%        5
 Fireball                 Conj/Fire      0%         3d3       100%        5
 Yara's Violent Unravell  Hex/Tmut       0%         3d3       100%        5
 Dispersal                Tloc           0%         N/A       100%        6
 Starburst                Conj/Fire      0%         6d3       100%        6
 Ozocubu's Refrigeration  Ice            0%         4d7       100%        7
 Storm Form               Tmut/Air       0%         N/A       100%        7
 Disjunction              Tloc           0%         N/A       100%        8
 Ignition                 Fire           0%         3d3       100%        8
 Maxwell's Capacitive Co  Air            0%         ∞         100%        8


Dungeon Overview and Level Annotations

Branches:
Dungeon (11/15)            Temple (1/1) D:5            Lair (5/5) D:11
 Shoals (0/4) Lair:3        Snake (0/4) Lair:2          Orc (0/2) D:11
  Sewer (visited)           IceCv (visited)         Gauntlet (visited)
  Slime: Lair:4-5

Altars:
Ashenzari
Cheibriados
Dithmenos
Elyvilon
Fedhas
Gozag
Hepliaklqana
Kikubaaqudgha
Makhleb
Nemelex Xobeh
Okawaru
Qazlal
Ru
Sif Muna
Trog
Uskayaw
Vehumet
Wu Jian
Xom
Yredelemnul
The Shining One

Shops:
D:2 =   D:5 *

Portals:
Abyss: Lair:4
Trove: D:10 (give +3 shadow dragon scales)

Annotations:
D:7 2 transporters, mertasd123's ghost, novice AtFi
Temple 2 transporters
Lair:2 exclusion: oklob plant
Lair:4 2 transporters, Emifonlual's ghost, journeyman SpEn


Innate Abilities, Weirdness & Mutations

You are too large for most types of armour.
You have claws for hands.
Your natural rate of healing is unusually fast.
You are covered in fur. (AC +1)
You have tough skin. (AC +1)


Message History

The ten-headed hydra bites you. The ten-headed hydra bites you!
You spin and attack the ten-headed hydra.
You claw one of the ten-headed hydra's heads off!
The nine-headed hydra grows two more!
You scratch the 11-headed hydra.
The 11-headed hydra is heavily wounded.
The 11-headed hydra bites you! The 11-headed hydra closely misses you.
The 11-headed hydra bites you.
You block the 11-headed hydra's attack. x2
The 11-headed hydra misses you. You block the 11-headed hydra's attack.
The 11-headed hydra bites you! The 11-headed hydra bites you. x2
The 11-headed hydra closely misses you.
A six-headed hydra comes into view.
You spin and attack the 11-headed hydra.
The six-headed hydra roars!
You tear one of the 11-headed hydra's heads off!
The ten-headed hydra grows two more!
You mangle the 12-headed hydra!!
The 12-headed hydra is heavily wounded.
You hear a roar!
You block the 12-headed hydra's attack. The 12-headed hydra barely misses you.
You block the 12-headed hydra's attack. The 12-headed hydra barely misses you.
The 12-headed hydra bites you. You block the 12-headed hydra's attack.
The 12-headed hydra bites you! The 12-headed hydra bites you.
* * * LOW HITPOINT WARNING * * *
The 12-headed hydra bites you but does no damage.
The 12-headed hydra closely misses you. x2; The 12-headed hydra bites you!
* * * LOW HITPOINT WARNING * * *
You spin and attack the 12-headed hydra.
You rip one of the 12-headed hydra's heads off!
The 11-headed hydra grows two more!
You claw the 13-headed hydra!
The 13-headed hydra is heavily wounded.
You block the 13-headed hydra's attack.
The 13-headed hydra bites you but does no damage.
The 13-headed hydra bites you!
* * * LOW HITPOINT WARNING * * *
The 13-headed hydra barely misses you. x2; The 13-headed hydra bites you.
* * * LOW HITPOINT WARNING * * *
The 13-headed hydra bites you!
* * * LOW HITPOINT WARNING * * *
The 13-headed hydra barely misses you.
You block the 13-headed hydra's attack. x3
The 13-headed hydra bites you!
You die...

.....#.(<....... ......
S............... .......
....FD...##....# .......
.F.S...Y#..#..## ##.......
..S.#... ##..## ##D.......
.#####..# #.P###.........
#..##...####..#...........
.........##...............
...............<@D........
..........................
h.#............Y..........
.Y#............##.........
...........#...###........
..........................
.............[............
.)P...Y.._................
##.............# .......


You could see a 13-headed hydra, a six-headed hydra and a dream sheep.

Vanquished Creatures
  A reaper (IceCv)
  A minotaur (Gauntlet)
  An entropy weaver (Gauntlet)
  A two-headed ogre (D:11)
  2 death yaks
  Amaemon (D:11)
  A wizard (Gauntlet)
  An ugly thing (D:11)
  A spectral centaur (D:11)
  12 elephants
  11 black mambas
  2 centaur zombies (D:11)
  Joseph (D:8)
  Maurice (D:8)
  An apocalypse crab (Gauntlet)
  An ice statue (IceCv)
  2 centaur skeletons (D:11)
  An unseen horror (D:10)
  A torpor snail (Lair:1)
  An orange demon (D:11)
  A gargoyle (D:10)
  10 cane toads
  A kobold demonologist (D:11)
  6 komodo dragons
  An anaconda simulacrum (IceCv)
  3 ice devils
  A polar bear (Lair:2)
  The ghost of philipeq the Trooper, an amateur DsFi (D:5)
  A merfolk (Lair:3)
  3 trolls
  Prince Ribbit (D:8)
  A slime creature (D:11)
  9 blink frogs (Lair:3)
  2 jumping spiders (Gauntlet)
  2 shadows
  3 basilisks
  68 yaks
  4 wyverns
  2 steam dragons
  2 death yak simulacra (IceCv)
  3 harpy simulacra (IceCv)
  2 acid dragons
  A hydra simulacrum (IceCv)
  12 water moccasins
  An ice beast (D:5)
  8 orc warriors
  4 black bears
  2 ogres
  12 wolves
  6 centaurs
  3 kobold brigands
  12 bullfrogs
  A scorpion (D:5)
  4 necrophages
  4 cane toad simulacra (IceCv)
  6 two-headed ogre simulacra (IceCv)
  12 wights
  An elephant simulacrum (IceCv)
  13 killer bees
  4 howler monkeys
  2 jellies
  5 hounds
  6 orc priests
  Crazy Yiuf (D:3)
  2 gnoll boudas
  Ijyb (D:3)
  6 iguanas
  A hell rat (Sewer)
  5 polar bear simulacra (IceCv)
  8 spriggan simulacra (IceCv)
  10 orc wizards
  3 troll simulacra (IceCv)
  2 wolf simulacra (IceCv)
  19 gnolls
  8 adders
  4 naga simulacra (IceCv)
  2 shadow imps
  6 white imps
  9 ufetubi
  A worm (D:2)
  4 dart slugs
  44 orcs
  9 ball pythons
  10 endoplasms
  11 goblins
  6 hobgoblins
  13 kobolds
  2 quokkas
  3 bats
  4 frilled lizards
  6 rats
490 creatures vanquished.

Vanquished Creatures (collateral kills)
  A quokka (D:5)
1 creature vanquished.

Vanquished Creatures (others)
  An orc wizard (D:6)
  22 fungi
  28 plants
  6 withered plants (Lair:5)
57 creatures vanquished.

Grand Total: 548 creatures vanquished

Notes
Turn   | Place    | Note
-------+----------+-------------------------------------------
     0 | D:1      | Engwar the Troll Fighter began the quest for the Orb.
     0 | D:1      | Reached XP level 1. HP: 22/22 MP: 0/0
    16 | D:1      | Found a faded altar of an unknown god.
   116 | D:1      | Reached XP level 2. HP: 29/29 MP: 1/1
   645 | D:2      | Reached XP level 3. HP: 36/36 MP: 2/2
   757 | D:2      | Reached skill level 3 in Unarmed Combat
  1016 | D:2      | Reached XP level 4. HP: 44/44 MP: 3/3
  1038 | D:2      | Found Inyapet's Jewellery Shop.
  1486 | D:3      | Noticed Ijyb
  1504 | D:3      | Killed Ijyb
  1535 | D:3      | Found a runed translucent door.
  1536 | D:3      | Noticed Crazy Yiuf
  1622 | D:3      | Killed Crazy Yiuf
  1813 | D:3      | Reached skill level 4 in Unarmed Combat
  1813 | D:3      | Reached XP level 5. HP: 53/53 MP: 4/4
  1998 | D:3      | Found an iron altar of Okawaru.
  2629 | D:4      | Reached XP level 6. HP: 53/61 MP: 5/5
  2850 | D:5      | Entered Level 5 of the Dungeon
  2872 | D:5      | Reached skill level 5 in Unarmed Combat
  2874 | D:5      | Found a staircase to the Ecumenical Temple.
  2893 | Temple   | Entered the Ecumenical Temple
  2893 | Temple   | Found a transporter.
  2893 | Temple   | Found a transporter.
  2895 | Temple   | Found a transporter.
  2895 | Temple   | Found a transporter.
  2925 | Temple   | Became a worshipper of the Wu Jian Council
  2995 | D:5      | Found a glowing drain.
  3035 | D:5      | Reached XP level 7. HP: 37/68 MP: 6/6
  3074 | Sewer    | Entered a sewer
  3166 | D:5      | Found a runed translucent gate.
  3166 | D:5      | Found a runed translucent gate.
  3167 | D:5      | Found an opulent altar of Gozag.
  3167 | D:5      | Found a runed translucent gate.
  3170 | D:5      | Noticed philipeq's ghost (amateur DsFi)
  3239 | D:5      | Found Hikkas's Gadget Gallery.
  3476 | D:5      | Reached * piety under Wu Jian
  3777 | D:5      | Reached skill level 6 in Unarmed Combat
  3781 | D:5      | Found a sacrificial altar of Ru.
  3988 | D:5      | Killed philipeq's ghost
  3989 | D:5      | Reached skill level 5 in Shields
  3989 | D:5      | Reached XP level 8. HP: 68/79 MP: 7/7
  3992 | D:5      | Reached skill level 7 in Unarmed Combat
  4161 | D:6      | Found a blossoming altar of Fedhas.
  4164 | D:6      | Found a broken altar of Ashenzari.
  4169 | D:6      | Found an ancient bone altar of Kikubaaqudgha.
  4330 | D:6      | Reached skill level 5 in Fighting
  4424 | D:6      | Reached skill level 8 in Unarmed Combat
  4483 | D:6      | Found a runed translucent door.
  4926 | D:6      | Reached ** piety under Wu Jian
  4978 | D:6      | Reached XP level 9. HP: 46/88 MP: 8/8
  5196 | D:7      | Found a transporter.
  5347 | D:7      | Reached skill level 9 in Unarmed Combat
  5432 | D:7      | Reached *** piety under Wu Jian
  5483 | D:7      | Noticed mertasd123's ghost (novice AtFi)
  5528 | D:7      | Found a transporter.
  5659 | D:7      | Found a shimmering altar of Xom.
  5825 | D:7      | Found a hazy altar of Hepliaklqana.
  6210 | D:8      | Noticed Joseph
  6228 | D:8      | Killed Joseph
  6380 | D:8      | Noticed Prince Ribbit
  6391 | D:8      | Killed Prince Ribbit
  6392 | D:8      | Reached skill level 10 in Unarmed Combat
  6508 | D:8      | Reached XP level 10. HP: 84/98 MP: 9/9
  6707 | D:8      | Found a transporter.
  6714 | D:8      | Found a transporter.
  7092 | D:8      | Noticed Maurice
  7109 | D:8      | Killed Maurice
  7300 | D:2      | Bought the ring "Yderhus" {Wiz rC+ Str+7} for 704 gold
                  | pieces
  7530 | D:8      | Reached skill level 11 in Unarmed Combat
  7789 | D:9      | Reached **** piety under Wu Jian
  7810 | D:9      | Reached skill level 5 in Dodging
  8303 | D:9      | Reached XP level 11. HP: 100/109 MP: 10/10
  8425 | D:10     | Entered Level 10 of the Dungeon
  8683 | D:10     | Reached skill level 12 in Unarmed Combat
  9085 | D:10     | Found a portal to a secret trove of treasure.
  9461 | D:11     | Identified the +11 long sword "Cuna" {holy, rElec rPois
                  | Will-}
  9480 | D:11     | Noticed a two-headed ogre
  9490 | D:11     | Killed a two-headed ogre
  9491 | D:11     | Reached skill level 13 in Unarmed Combat
  9528 | D:11     | Reached ***** piety under Wu Jian
  9549 | D:11     | Noticed Amaemon
  9570 | D:11     | Killed Amaemon
  9571 | D:11     | Reached XP level 12. HP: 94/120 MP: 11/11
  9613 | D:11     | Found a staircase to the Lair.
  9624 | D:11     | Found a gate leading to a gauntlet.
  9634 | Gauntlet | Entered a Gauntlet
  9634 | Gauntlet | Noticed a tengu warrior
  9634 | Gauntlet | Found a transporter.
  9634 | Gauntlet | Found a transporter.
  9634 | Gauntlet | Found a transporter.
  9639 | Gauntlet | Found a transporter.
  9640 | Gauntlet | Found a transporter.
  9653 | Gauntlet | Found a transporter.
  9657 | Gauntlet | Found a transporter.
  9669 | Gauntlet | Found a transporter.
  9669 | Gauntlet | Noticed an entropy weaver
  9679 | Gauntlet | Found a transporter.
  9683 | Gauntlet | Found a transporter.
  9687 | Gauntlet | Found a transporter.
  9699 | Gauntlet | Found a transporter.
  9927 | Gauntlet | Killed an entropy weaver
  9938 | Gauntlet | Identified the +0 cloak "Puafaile" {+Blink}
  9982 | Gauntlet | Identified the ring "Dumofion" {rF+ SInv}
  9982 | Gauntlet | Noticed a minotaur
  9999 | Gauntlet | Killed a minotaur
 10302 | D:11     | Found a staircase to the Orcish Mines.
 10635 | Lair:1   | Entered Level 1 of the Lair of Beasts
 10674 | Lair:1   | Noticed a death yak
 10681 | Lair:1   | Noticed a death yak
 10697 | D:11     | Killed a death yak
 10698 | D:11     | Reached skill level 1 in Evocations
 10714 | Lair:1   | Killed a death yak
 10715 | Lair:1   | Reached skill level 14 in Unarmed Combat
 11527 | Lair:2   | Reached XP level 13. HP: 112/131 MP: 12/12
 11626 | Lair:2   | Found a staircase to the Snake Pit.
 11766 | Lair:2   | Reached skill level 10 in Shields
 12233 | Lair:3   | Reached skill level 15 in Unarmed Combat
 12309 | Lair:3   | Found a frozen archway.
 12328 | IceCv    | Entered an ice cave
 12377 | IceCv    | Reached ****** piety under Wu Jian
 13067 | IceCv    | Noticed a reaper
 13077 | IceCv    | Killed a reaper
 13902 | Lair:3   | Found a staircase to the Shoals.
 14541 | Lair:4   | Noticed Emifonlual's ghost (journeyman SpEn)
 14557 | Lair:4   | Found a transporter.
 14582 | Lair:4   | Found a transporter.
 14586 | Lair:4   | Found a one-way gate to the infinite horrors of the Abyss.
 14934 | Lair:5   | Entered Level 5 of the Lair of Beasts
 14961 | Lair:5   | Reached XP level 14. HP: 89/141 MP: 13/13
 15021 | Lair:5   | Found a hide-covered altar of Uskayaw.
 15235 | Lair:5   | Slain by a 13-headed hydra

Illustrated notes

Levels and vault maps discovered:
D:1:      dpeg_arrival_lava_altar, layout_rooms,
          ebering_ecumenical_altar_sacrificial
D:2:      layout_rooms, serial_shops, shop
D:3:      kb_forest_paths, layout_basic, okawaru_altar_gauntlet_db,
          solitary_fountain, uniq_ijyb, uniq_crazy_yiuf_cottage
D:4:      layout_gridville
D:5:      layout_cave_pods, lemuel_coloured_pillars_altar,
          minmay_temple_entry_stoned_glass, gup_sewer_entry_glass,
          ebering_ghost_gozag, nicolae_shop_gadgets
D:6:      layout_gridville, grunt_temple_overflow_diamond, serial_bayou_pond_c,
          serial_bayou_pond_a, lightli_church_of_beogh
D:7:      layout_gridville, kennysheep_mini, lemuel_round_altar,
          gammafunk_ghost_hive, nrook_campfire, minmay_misc_feat_hallway,
          grunt_ministairs_9, dk_noncrumbling_2
D:8:      kennysheep_six_static_rooms, layout_loops_corners,
          minmay_stone_trees_small, nicolae_diode_stairs, uniq_prince_ribbit1,
          uniq_maurice, uniq_joseph
D:9:      layout_basic, st_stairs_7, uniq_grum
D:10:     layout_loops_corners, nicolae_trove_entry_isolated
D:11:     layout_loops_ring, david_lair_generic, gauntlet_entry_generic,
          hangedman_weighted_door, uniq_amaemon
Temple:   hellmonk_temple_divided_pantheon
Lair:1:   layout_regular_city
Lair:2:   layout_roguey, minmay_snake_entry_six_corridors
Lair:3:   layout_regular_city, elwin_shoals_entry_rooms,
          portal_ice_cave_demonic_guard
Lair:4:   layout_roguey, gammafunk_ghost_abyssal_escape, beast_lair_carwin_2,
          lemuel_fruit_fields, infiniplex_staircase_pool_2, serial_bayou_shore_b
Lair:5:   due_jungle_book, layout_gridlike, slime_entry_1, basic_altar

Skill      XL: |  1  2  3  4  5  6  7  8  9 10 11 12 13 |
---------------+----------------------------------------+-----
Shields        | 3 4 5 6 7 8 9 10 | 10.7
Unarmed Combat | 3 4 5 6 8 10 11 13 14 15 | 15.8
Fighting       | 3 4 5 6 7 8 9 |  9.9
Dodging        | 3 5 6 7 8 |  8.5
Evocations     | 2 4 |  4.0

Action                   |  1- 3 |  4- 6 |  7- 9 | 10-12 | 13-15 || total
-------------------------+-------+-------+-------+-------+-------++-------
Melee: Unarmed           |    81 |   147 |   371 |   556 |   453 ||  1608
Throw: Dart              |       |       |     1 |       |       ||     1
Invok: Lunge             |       |     1 |    30 |    38 |    17 ||    86
       Whirlwind         |       |       |     9 |    22 |    17 ||    48
       Serpent's Lash    |       |       |       |     1 |     2 ||     3
 Abil: Evoke Blink       |       |       |       |     1 |     1 ||     2
  Use: Scroll            |       |    10 |    11 |    12 |     2 ||    35
       Potion            |       |       |     1 |     5 |     4 ||    10
 Stab: Sleeping          |     2 |       |       |       |       ||     2
Armor: Robe              |    18 |    26 |    80 |    36 |       ||   160
       Troll leather arm |       |       |       |    95 |    70 ||   165
Dodge: Dodged            |    15 |    39 |   118 |   153 |   130 ||   455
Block: Kite shield       |    24 |    49 |   139 |   251 |   206 ||   669

Table legend: (Time is in decaauts)
 A = Elapsed time spent in this place.
 B = Non-inter-level travel time spent in this place.
 C = Inter-level travel time spent in this place.
 D = Time resting spent in this place.
 E = Time spent auto-exploring this place.
 F = Levels seen in this place.
 G = Mean time per level.
                   A        B        C        D        E       F      G
               +--------+--------+--------+--------+--------+-----+--------+
         Total |  15153 |  14160 |    993 |    653 |   9396 |  20 |  757.7 |
       Dungeon |  10037 |   9235 |    802 |     41 |   6836 |  11 |  912.5 |
        Temple |     54 |     54 |      0 |      0 |      0 |   1 |   54.0 |
          Lair |   3534 |   3344 |    190 |    220 |   2287 |   5 |  706.8 |
         Sewer |     91 |     91 |      0 |      0 |     32 |   1 |   91.0 |
      Ice Cave |    997 |    997 |      0 |    392 |    200 |   1 |  997.0 |
      Gauntlet |    437 |    437 |      0 |      0 |     40 |   1 |  437.0 |
               +--------+--------+--------+--------+--------+-----+--------+

Top non-repeatable levels by time:
     D:8: 1152 daAuts
     D:3: 1141 daAuts
     D:7: 1136 daAuts
     D:5: 1118 daAuts
     D:6: 1071 daAuts
   IceCv: 997 daAuts
  Lair:3: 954 daAuts
    D:10: 949 daAuts
  Lair:2: 839 daAuts
  Lair:4: 820 daAuts
    D:11: 818 daAuts
  Lair:1: 796 daAuts
     D:4: 769 daAuts
     D:9: 765 daAuts
     D:1: 614 daAuts
